 Dungeon Crawl Stone Soup version 0.23.0 (webtiles) character file.

Game seed: 7902046944817527369

123 Faca the Bolt Thrower (level 5, -2/47 HPs)
             Began as a Gnoll Wanderer on Feb 17, 2019.
             Slain by an orc
             ... wielding a +0 dagger
              (3 damage)
             ... on level 2 of the Dungeon.
             The game lasted 00:03:44 (1758 turns).

Faca the Bolt Thrower (Gnoll Wanderer)              Turns: 1758, Time: 00:03:45

Health: -2/47      AC:  6    Str: 14    XL:     5   Next: 7%
Magic:  6/6        EV: 10    Int: 17    God:
Gold:   97         SH:  0    Dex: 13    Spells: 6/6 levels left

rFire    . . .     SeeInvis .   i - +2 spear (venom)
rCold    . . .     Gourm    .   (no shield)
rNeg     . . .     Faith    .   o - +0 scale mail
rPois    .         Spirit   .   (no helmet)
rElec    .         Reflect  .   (no cloak)
rCorr    .         Harm     .   (no gloves)
MR       .....                  (no boots)
Stlth    +.........             (no amulet)
HPRegen  0.15/turn              (no ring)
MPRegen  0.10/turn              (no ring)

@: no status effects
A: distributed training, fangs 1, strong nose
a: no special abilities


You were on level 2 of the Dungeon.
You were not hungry.

You visited 1 branch of the dungeon, and saw 3 of its levels.

You collected 97 gold pieces.

Inventory:

Hand Weapons
 a - a +2 hand crossbow
 i - a +2 spear of venom (weapon)
Missiles
 b - 41 bolts
Armour
 o - a +0 scale mail (worn)
Scrolls
 g - 2 scrolls of enchant weapon {unknown}
 l - a scroll of remove curse {unknown}
 m - a scroll of identify {unknown}
Potions
 c - 2 potions of lignification
 d - 2 potions of curing
 h - 2 potions of flight {unknown}
 j - a potion of heal wounds {unknown}
 k - a potion of agility {unknown}
 n - 2 potions of degeneration {unknown}
Comestibles
 f - 9 rations


   Skills:
 + Level 6.6 Fighting
 + Level 1.3 Short Blades
 + Level 1.3 Long Blades
 + Level 1.3 Axes
 + Level 1.3 Maces & Flails
 + Level 1.3 Polearms
 + Level 1.3 Staves
 + Level 1.3 Slings
 + Level 1.3 Bows
 + Level 6.6 Crossbows
 + Level 1.3 Throwing
 + Level 2.8 Armour
 + Level 2.8 Dodging
 + Level 2.6 Stealth
 + Level 2.8 Shields
 + Level 1.3 Unarmed Combat
 + Level 1.3 Spellcasting
 + Level 1.0 Conjurations
 + Level 1.0 Hexes
 + Level 1.0 Charms
 + Level 1.0 Summonings
 + Level 1.0 Necromancy
 + Level 1.0 Translocations
 + Level 1.0 Transmutations
 + Level 1.0 Fire Magic
 + Level 1.0 Ice Magic
 + Level 1.0 Air Magic
 + Level 1.0 Earth Magic
 + Level 1.0 Poison Magic
 + Level 1.4 Invocations
 + Level 1.3 Evocations


You had 6 spell levels left.
You didn't know any spells.
Your spell library contained the following spells:

 Spells                   Type           Power        Failure   Level  Hunger
 Beastly Appendage        Tmut           #.....       50%         1    ##.....
 Sticks to Snakes         Tmut           #.......     63%         2    ###....
 Spider Form              Tmut/Pois      #.........   86%         3    ####...
 Ice Form                 Ice/Tmut       #.......     99%         4    #####..
 Blade Hands              Tmut           #.........   100%        5    ######.


Dungeon Overview and Level Annotations

Branches:
Dungeon (3/15)

Altars:


Innate Abilities, Weirdness & Mutations

Your experience applies equally to all skills.
You have very sharp teeth.
Your uncanny sense of smell can sniff out nearby items.


Message History

You hit the rat.
You kill the rat!
The orc priest hits you with a +0 whip. The worm closely misses you.
You hit the orc.
The orc is poisoned.
The orc is severely wounded.
You kill the orc!
The orc priest barely misses you. The worm bites you.
* * * LOW HITPOINT WARNING * * *
You barely miss the orc priest. The orc priest hits you with a +0 whip.
* * * LOW HITPOINT WARNING * * *
Unknown command.
You hit the orc priest.
The orc priest is poisoned.
The orc priest is lightly wounded.
The orc closely misses you. The worm bites you.
* * * LOW HITPOINT WARNING * * *
The orc priest mumbles some strange prayers to Beogh against you.
Pain shoots through your body!
* * * LOW HITPOINT WARNING * * *
The orc hits you with a +0 dagger.
You die...

#.......# #.......
#.......####.#####)
#..........#.......
######.....########
#.....#.......
#.....#.......
#.....#....... ###########
#........#'###
#......Ko@#######....#.#
#.......owo.....#...>#.###
#.........#####.#....#....
#########.##.......######.
#..#.#.##.....# #.
##.#.#.#...##.###.
#######.#.#.........[#.
##.......#.######.....#.
#.....)###......+.....##


You could see a worm, an orc priest, 2 orcs and a kobold.

Vanquished Creatures
  3 gnolls (D:2)
  3 adders (D:2)
  4 worms (D:2)
  A dart slug (D:2)
  A leopard gecko (D:1)
  An orc (D:2)
  4 giant cockroaches
  6 goblins
  6 hobgoblins
  2 jackals (D:2)
  8 kobolds
  3 ball pythons
  3 bats
  5 frilled lizards
  2 rats
52 creatures vanquished.

Notes
Turn   | Place    | Note
-------+----------+-------------------------------------------
     0 | D:1      | Faca the Gnoll Wanderer began the quest for the Orb.
     0 | D:1      | Faca set off with the following items: a +2 hand crossbow,
                  | 23 bolts, a potion of lignification, a potion of curing, a
                  | +0 robe, a ration
     0 | D:1      | Reached XP level 1. HP: 23/23 MP: 1/1
    82 | D:1      | Reached XP level 2. HP: 29/29 MP: 2/2
   399 | D:1      | Reached XP level 3. HP: 32/35 MP: 3/3
   761 | D:2      | Reached skill level 1 in Invocations
   769 | D:2      | Reached skill level 1 in Short Blades
   769 | D:2      | Reached skill level 1 in Long Blades
   769 | D:2      | Reached skill level 1 in Axes
   769 | D:2      | Reached skill level 1 in Maces & Flails
   769 | D:2      | Reached skill level 1 in Polearms
   769 | D:2      | Reached skill level 1 in Staves
   769 | D:2      | Reached skill level 1 in Slings
   769 | D:2      | Reached skill level 1 in Bows
   769 | D:2      | Reached skill level 1 in Throwing
   769 | D:2      | Reached skill level 1 in Unarmed Combat
   769 | D:2      | Reached skill level 1 in Spellcasting
   769 | D:2      | Reached skill level 1 in Evocations
   769 | D:2      | Reached XP level 4. HP: 10/41 MP: 3/5
  1143 | D:2      | Reached skill level 1 in Conjurations
  1143 | D:2      | Reached skill level 1 in Hexes
  1143 | D:2      | Reached skill level 1 in Charms
  1143 | D:2      | Reached skill level 1 in Summonings
  1143 | D:2      | Reached skill level 1 in Necromancy
  1143 | D:2      | Reached skill level 1 in Translocations
  1143 | D:2      | Reached skill level 1 in Transmutations
  1143 | D:2      | Reached skill level 1 in Fire Magic
  1143 | D:2      | Reached skill level 1 in Ice Magic
  1143 | D:2      | Reached skill level 1 in Air Magic
  1143 | D:2      | Reached skill level 1 in Earth Magic
  1143 | D:2      | Reached skill level 1 in Poison Magic
  1581 | D:2      | Reached XP level 5. HP: 43/47 MP: 6/6
  1731 | D:3      | Noticed a +0 hand axe
  1731 | D:3      | Noticed a hungry ghost
  1758 | D:2      | HP: 1/47 [orc priest/nerve-wracking pain (6)]
  1758 | D:2      | Slain by an orc

Skill      XL: |  1  2  3  4 |
---------------+-------------+-----
Invocations    | 1 |  1.4
Short Blades   | 1 |  1.3
Long Blades    | 1 |  1.3
Axes           | 1 |  1.3
Maces & Flails | 1 |  1.3
Polearms       | 1 |  1.3
Staves         | 1 |  1.3
Slings         | 1 |  1.3
Bows           | 1 |  1.3
Throwing       | 1 |  1.3
Unarmed Combat | 1 |  1.3
Spellcasting   | 1 |  1.3
Evocations     | 1 |  1.3
Conjurations   | 1 |  1.0
Hexes          | 1 |  1.0
Charms         | 1 |  1.0
Summonings     | 1 |  1.0
Necromancy     | 1 |  1.0
Translocations | 1 |  1.0
Transmutations | 1 |  1.0
Fire Magic     | 1 |  1.0
Ice Magic      | 1 |  1.0
Air Magic      | 1 |  1.0
Earth Magic    | 1 |  1.0
Poison Magic   | 1 |  1.0
Fighting       | |  6.6
Crossbows      | |  6.6
Armour         | |  2.8
Dodging        | |  2.8
Stealth        | |  2.6
Shields        | |  2.8

Action                   |  1- 3 |  4- 6 || total
-------------------------+-------+-------++-------
Melee: Spear             |    36 |    59 ||    95
       Bite              |     4 |     2 ||     6
       Punch             |       |     1 ||     1
 Fire: Hand crossbow     |    24 |       ||    24
 Stab: Sleeping          |     3 |     1 ||     4
  Eat: Chunk             |       |     3 ||     3
Armor: Robe              |     6 |     2 ||     8
       Scale mail        |       |    15 ||    15
Dodge: Dodged            |    22 |    33 ||    55
